Map: Blackpink LE

Players

Serral - Winner!

  • Race: Zerg Zerg
  • Spawn Location: 1:00

ShoWTimE

  • Race: Protoss Protoss
  • Spawn Location: 7:00

Event: WESG 2017 Haikou

VOD

Have the link to the VOD?

Description

Time

  • Played on: March 13, 2018, 6:38 a.m.
  • Length: 8:09

All games in this series

Show
View Real Time Build Order
Export as new Build Order

Serral Zerg - Winner!

Build Orders: Hatch First 

Get SALT Encoding   

  12  0:00  Drone  
  13  0:13  Overlord  
  13  0:17  Drone  
  14  0:31  Drone x2  
  14  0:35  Drone  
  17  0:52  Hatchery  
  17  0:54  Drone  
  18  0:57  Drone  
  18  1:07  Extractor  
  17  1:12  Spawning Pool  
  17  1:15  Drone  
  17  1:19  Drone  
  18  1:29  Drone  
  19  1:39  Overlord  
  19  1:50  Drone  
  20  1:58  Queen  
  20  2:01  Drone  
  23  2:03  Queen  
  23  2:04  Zergling x2  
  23  2:07  Metabolic Boost  
  26  2:11  Drone  
  26  2:15  Drone  
  28  2:22  Drone  
  29  2:26  Drone  
  30  2:32  Drone  
  30  2:36  Drone  
  32  2:39  Hatchery  
  32  2:44  Queen  
  31  2:48  Overlord  
  31  2:51  Zergling x2  
  34  2:58  Drone  
  35  3:01  Drone  
  36  3:08  Drone x5  
  41  3:18  Spore Crawler  
  39  3:23  Drone  
  39  3:24  Drone  
  39  3:25  Queen  
  44  3:29  Overlord  
  44  3:34  Spore Crawler x2  
  42  3:45  Drone x5  
  42  3:48  Drone  
  43  3:53  Drone x2  
  42  3:56  Drone x2  
  42  3:57  Drone  
  45  4:03  Lair  
  45  4:05  Drone  
  45  4:07  Drone  
  45  4:09  Drone x2  
  49  4:13  Spore Crawler  
  49  4:16  Zergling x4  
  50  4:23  Extractor  
  50  4:24  Drone x2  
  51  4:29  Roach Warren, Extractor x2  
  51  4:31  Drone x2  
  51  4:34  Overlord  
  51  4:36  Drone  
  51  4:37  Drone  
  53  4:39  Drone  
  53  4:42  Drone x2  
  56  4:46  Drone x2  
  56  4:51  Overlord  
  56  4:52  Overlord  
  58  4:56  Overlord x2  
  58  5:01  Overlord  
  58  5:09  Overlord  
  58  5:10  Drone  
  58  5:11  Drone x5  
  58  5:12  Drone  
  65  5:16  Roach x2  
  65  5:19  Queen  
  71  5:23  Roach x2  
  71  5:28  Roach x2  
  79  5:29  Extractor  
  79  5:30  Glial Reconstitution  
  78  5:36  Roach x2  
  78  5:38  Overlord  
  82  5:44  Roach  
  82  5:45  Roach x3  
  82  5:47  Overlord  
  90  5:51  Roach x2  
  90  5:54  Roach x2  
  98  5:58  Queen  
  98  6:02  Roach  
  98  6:03  Roach  
  104  6:07  Overlord  
  104  6:12  Roach x4  
  112  6:20  Roach  
  112  6:21  Overlord x2  
  114  6:27  Overlord  
  114  6:32  Roach x5  
  112  6:41  Roach x5  
  122  6:51  Queen  
  122  6:52  Queen  
  126  6:54  Ravager x2  
  126  6:55  Ravager  
  126  6:57  Zergling x8  
  126  6:59  Ravager  
  132  7:01  Zergling x2  
  132  7:02  Zergling x4  
  130  7:09  Ravager  
  130  7:10  Roach x3, Zergling x4  
  139  7:19  Roach x2, Zergling x8  
  135  7:30  Roach x2, Zergling x2  
  135  7:33  Roach x2  
  142  7:41  Roach x2  
  143  7:49  Roach x3  
Show
View Real Time Build Order
Export as new Build Order

ShoWTimE Protoss 

Build Orders: 1 Gate Expand, Oracle Opening, Phoenix Opening, Zealot Archon, Archon Drop 

Get SALT Encoding   

  12  0:00  Probe  
  13  0:13  Probe  
  14  0:18  Pylon  
  14  0:25  Probe  
  15  0:37  Probe (Chrono Boost)  
  15  0:39  Gateway  
  16  0:48  Assimilator  
  16  0:49  Probe (Chrono Boost)  
  17  0:54  Probe (Chrono Boost)  
  18  1:03  Probe  
  19  1:15  Probe  
  20  1:25  Nexus  
  20  1:35  Cybernetics Core  
  20  1:39  Probe  
  21  1:46  Assimilator  
  21  1:51  Probe  
  22  1:57  Pylon  
  22  2:03  Probe  
  23  2:13  Adept (Chrono Boost)  
  23  2:15  Probe  
  26  2:17  Stargate  
  26  2:25  Warp Gate  
  26  2:28  Probe (Chrono Boost)  
  27  2:33  Adept  
  29  2:37  Probe (Chrono Boost)  
  31  2:45  Probe (Chrono Boost)  
  31  2:47  Probe (Chrono Boost)  
  32  2:52  Probe x2 (Chrono Boost)  
  32  2:58  Oracle (Chrono Boost)  
  34  3:03  Probe  
  34  3:04  Probe  
  39  3:09  Pylon  
  39  3:15  Probe  
  39  3:16  Probe  
  41  3:25  Oracle (Chrono Boost)  
  39  3:28  Probe  
  39  3:29  Gateway  
  39  3:31  Probe  
  44  3:37  Assimilator  
  44  3:39  Assimilator  
  44  3:40  Probe  
  45  3:43  Probe  
  46  3:52  Probe  
  46  3:55  Probe  
  48  3:56  Pylon  
  48  3:58  Phoenix  
  47  4:04  Probe  
  47  4:05  Robotics Facility  
  47  4:07  Probe  
  49  4:15  Twilight Council  
  49  4:16  Probe  
  50  4:19  Probe  
  50  4:23  Gateway  
  51  4:27  Gateway  
  51  4:30  Probe  
  52  4:34  Pylon  
  52  4:42  Gateway  
  52  4:43  Gateway  
  52  4:48  Zealot  
  52  4:50  Zealot  
  52  4:52  Warp Prism (Chrono Boost)  
  56  4:53  Charge (Chrono Boost)  
  58  5:04  Templar Archives  
  58  5:12  Pylon  
  58  5:21  Nexus  
  58  5:25  Pylon  
  58  5:42  Pylon, High Templar x4  
  66  5:43  Zealot x2  
  66  5:46  Archon x2  
  66  5:48  Zealot, Probe  
  66  5:49  Probe  
  72  5:51  Pylon  
  72  5:52  Observer  
  73  6:07  Zealot  
  73  6:08  Zealot  
  77  6:11  Pylon  
  77  6:14  Zealot x4  
  77  6:16  Probe  
  77  6:17  Probe  
  87  6:27  Immortal (Chrono Boost)  
  87  6:28  Probe  
  73  6:35  Probe x2  
  75  6:41  Probe  
  75  6:43  Forge  
  76  6:47  Probe  
  76  6:48  Sentry x2, Probe  
  76  6:49  Zealot x3  
  88  6:57  Immortal (Chrono Boost)  
  92  7:05  Zealot, Probe x3  
  93  7:13  Sentry x2  
  93  7:14  Zealot x2  
  89  7:23  Zealot  
  89  7:28  Immortal (Chrono Boost)  
  83  7:30  Zealot  
  83  7:32  Pylon  
  83  7:34  Stalker  
  83  7:36  Pylon  
  87  7:44  Pylon  
  87  7:49  Pylon  
  78  7:51  Zealot  
  78  7:52  Zealot x2  
  78  7:55  Zealot x2  
Tags
 
Add a new tag
Caveats
  • Supply blocks, unpowered buildings, or Contaminate may cause inaccurate times.
  • Supply counts are checked every 10 seconds.